 Dungeon Crawl Stone Soup version 0.28-a0-850-g09de17f5b5 (webtiles) character file.

Game seed: 6708024899365563885

1472 wakim the Destroyer (level 8, -9/58 HPs)
             Began as a Black Draconian Conjurer on Nov 13, 2021.
             Killed by nerve-wracking pain
             ... invoked by Menkaure
              (12 damage)
             ... on level 6 of the Dungeon.
             The game lasted 00:14:33 (6907 turns).

wakim the Destroyer (Black Draconian Conjurer)      Turns: 6907, Time: 00:14:34

Health: -9/58      AC:  7    Str: 10    XL:     8   Next: 49%
Magic:  8/16       EV: 12    Int: 21    God:
Gold:   274        SH:  0    Dex:  9    Spells: 11/18 levels left

rFire   . . .      SeeInvis .   b - +1 rapier (speed)
rCold   + . .      Faith    .   (no shield)
rNeg    . . .      Spirit   .   (armour unavailable)
rPois   .          Reflect  .   (helmet restricted)
rElec   +          Harm     .   l - +0 cloak
rCorr   .          Rampage  .   (no gloves)
Will    .....                   (no boots)
Stlth   ++........              (no amulet)
HPRegen 0.19/turn               k - ring of protection from cold
MPRegen 0.15/turn               (no ring)

@: no status effects
A: breathe lightning, AC +6, unfitting armour, electricity resistance,
cold-blooded
a: Breathe Lightning


You were on level 6 of the Dungeon.
You visited 1 branch of the dungeon, and saw 6 of its levels.
You also visited: Sewer.

You collected 274 gold pieces.

Inventory:

Hand Weapons
 a - a +1 dagger of protection
 b - a +1 rapier of speed (weapon)
Armour
 l - a +0 cloak (worn)
Jewellery
 k - a ring of protection from cold (left hand)
Scrolls
 c - 4 scrolls of identify {unknown}
 d - a scroll of fog {unknown}
 e - 3 scrolls of teleportation {unknown}
 g - a scroll of acquirement {unknown}
 i - 2 scrolls of fear {unknown}
 j - a scroll of magic mapping {unknown}
 m - a scroll of amnesia {unknown}
 q - 2 scrolls of holy word {unknown}
 r - 2 scrolls of enchant weapon {unknown}
Potions
 f - a potion of ambrosia {unknown}
 h - a potion of invisibility {unknown}
 n - 4 potions of magic {unknown}
 o - 3 potions of might {unknown}
 p - a potion of haste {unknown}
 s - a potion of lignification {unknown}
 t - a potion of degeneration {unknown}
 u - 3 potions of mutation {unknown}
 v - a potion of brilliance {unknown}
 w - a potion of curing {unknown}
 J - 2 potions of heal wounds


   Skills:
 + Level 0.9 Fighting
 + Level 2.0 Dodging
 - Level 4.0 Stealth
 + Level 5.5 Spellcasting
 * Level 8.9 Conjurations
 + Level 0.6 Hexes


You had 11 spell levels left.
You knew the following spells:

 Your Spells              Type           Power      Damage    Failure   Level
a - Magic Dart            Conj           100%       1d8       1%          1
s - Searing Ray           Conj           86%        2d7       1%          2
z - Fulminant Prism       Conj/Hex       12%        3d9       14%         4

Your spell library contained the following spells:

 Spells                   Type           Power      Damage    Failure   Level
 Dazzling Flash           Conj/Hex       50%        N/A       4%          3
 Iskenderun's Mystic Bla  Conj/Tloc      24%        2d7       16%         4
 Irradiate                Conj/Tmut      12%        3d17      41%         5
 Cause Fear               Hex            4%         N/A       61%         4
 Blade Hands              Tmut           2%         N/A       96%         5
 Dragon Form              Tmut           2%         N/A       100%        7
 Dragon's Call            Summ           2%         N/A       100%        9


Dungeon Overview and Level Annotations

Branches:
Dungeon (6/15)              Sewer (visited)
 Temple: D:4-7

Altars:
Makhleb
Okawaru
Sif Muna
Vehumet
Zin

Annotations:
D:5 Sigmund
D:6 Menkaure


Innate Abilities, Weirdness & Mutations

You can breathe wild blasts of lightning.
Your glossy black scales are hard. (AC +6)
You cannot fit into any form of body armour.
You are resistant to electric shocks. (rElec)
You are cold-blooded and may be slowed by cold attacks.


Message History

Confirm with . or Enter, or press ? or * to list all spells.
Aiming: Searing Ray (safe; 1% risk of failure)
Press: ? - help, Shift-Dir - straight line, f - Menkaure
Aim: Menkaure (fast, 91% to hit)
The searing ray hits Menkaure.
Menkaure is moderately damaged. (Press . to maintain the ray.) Menkaure's bandages flutter.
The searing ray misses Menkaure.
Menkaure hits you!
* * * LOW HITPOINT WARNING * * *
The searing ray hits Menkaure.
Menkaure is moderately damaged.
A lemure comes into view.
Menkaure hits you.
* * * LOW HITPOINT WARNING * * *
Casting: Searing Ray (safe; 1% risk of failure)
Confirm with . or Enter, or press ? or * to list all spells.
Restarting spell: Searing Ray (safe; 1% risk of failure)
Press: ? - help, Shift-Dir - straight line, f/p - Menkaure
Aim: Menkaure (moderately damaged, fast, 91% to hit)
Okay, then.
The searing ray hits Menkaure.
Menkaure is heavily damaged.
You finish channelling your searing ray.
Menkaure closely misses you.
Casting: Searing Ray (safe; 1% risk of failure)
Confirm with . or Enter, or press ? or * to list all spells.
Aiming: Searing Ray (safe; 1% risk of failure)
Press: ? - help, Shift-Dir - straight line, f/p - Menkaure
Aim: Menkaure (heavily damaged, fast, 91% to hit)
The searing ray hits Menkaure.
Menkaure is severely damaged. (Press . to maintain the ray.) Menkaure hits you!
* * * LOW HITPOINT WARNING * * *
The searing ray hits Menkaure.
Menkaure is severely damaged.
Menkaure casts a spell at you. Pain shoots through your body!
You die...

#.........#
...........#+#.####
..###+###........#
..# #........# ..#
#........# #.#
+........+ #.#
#(.......# #M#
#........#
##@###+###......).#
#...............[.#
#.......#..###+####
#....)..##.# #.....
#.......##.###.####
#.....<.##..##+####
#.......###.#.....#
#.......# #.......#
######+## ##......#


You could see Menkaure (fast).

Vanquished Creatures
  Eustachio (D:4)
  Duvessa (D:3)
  A black bear (D:5)
  2 ogres
  A necrophage (D:4)
  2 kobold brigands (Sewer)
  Blork the orc (D:4)
  2 scorpions (D:6)
  A water moccasin skeleton (D:4)
  Dowan (D:3)
  2 hounds
  An orc priest (D:6)
  A bullfrog skeleton (D:5)
  2 iguanas (D:5)
  2 orc wizards (D:6)
  A killer bee zombie (D:5)
  A howler monkey zombie (D:5)
  8 adders
  A white imp (D:5)
  An ufetubus (D:6)
  An adder skeleton (D:4)
  A worm (D:2)
  5 dart slugs
  2 orcs (D:6)
  11 ball pythons
  5 endoplasms
  11 giant cockroaches
  6 goblins
  9 hobgoblins
  4 jackals
  14 kobolds
  2 quokkas
  7 bats
  2 frilled lizards
  5 rats
118 creatures vanquished.

Vanquished Creatures (others)
  A fungus (Sewer)
1 creature vanquished.

Grand Total: 119 creatures vanquished

Notes
Turn   | Place    | Note
-------+----------+-------------------------------------------
     0 | D:1      | wakim the Draconian Conjurer began the quest for the Orb.
     0 | D:1      | Reached XP level 1. HP: 14/14 MP: 3/3
   294 | D:1      | Reached XP level 2. HP: 20/20 MP: 0/5
   351 | D:1      | Learned a level 2 spell: Searing Ray
   871 | D:1      | Reached XP level 3. HP: 20/26 MP: 0/6
  1721 | D:2      | Reached XP level 4. HP: 33/33 MP: 1/7
  2054 | D:2      | Reached skill level 5 in Conjurations
  2609 | D:3      | Found a glowing silver altar of Zin.
  3521 | D:4      | Reached XP level 5. HP: 38/38 MP: 6/9
  3547 | D:4      | Found a burning altar of Makhleb.
  3559 | D:4      | Noticed Blork the orc
  3569 | D:4      | Found a shimmering blue altar of Sif Muna.
  3570 | D:4      | Noticed a necrophage
  3611 | D:4      | Killed a necrophage
  3629 | D:4      | Reached XP level 6. HP: 34/45 MP: 2/11
  3685 | D:4      | Found a radiant altar of Vehumet.
  3687 | D:4      | Noticed Eustachio
  3705 | D:4      | Found a glowing drain.
  3725 | Sewer    | Entered a sewer
  3858 | Sewer    | Reached skill level 6 in Conjurations
  4607 | D:4      | Killed Eustachio
  4608 | D:4      | Your scales start taking on a glossy black colour.
  4608 | D:4      | Reached XP level 7. HP: 36/50 MP: 0/13
  4608 | D:4      | Gained mutation: You are resistant to electric shocks.
                  | (rElec) [Black Draconian growth]
  4744 | D:4      | Killed Blork the orc
  4745 | D:4      | Reached skill level 7 in Conjurations
  5154 | D:5      | Entered Level 5 of the Dungeon
  5154 | D:5      | Noticed Duvessa
  5154 | D:5      | Noticed Dowan
  5504 | D:3      | Killed Dowan
  5509 | D:3      | Killed Duvessa
  5786 | D:5      | Reached skill level 8 in Conjurations
  5786 | D:5      | Reached XP level 8. HP: 52/57 MP: 9/15
  5858 | D:5      | Reached skill level 5 in Spellcasting
  5925 | D:5      | Noticed Sigmund
  6636 | D:6      | Learned a level 4 spell: Fulminant Prism
  6798 | D:6      | Found an iron altar of Okawaru.
  6900 | D:6      | Noticed Menkaure
  6907 | D:6      | Killed from afar by Menkaure

Illustrated notes

Levels and vault maps discovered:
D:1:      minmay_arrival_wavy_path, layout_basic, minmay_heptomino_w4
D:2:      layout_loops_ring
D:3:      layout_basic, overflow_temple_1_default, chequers_serial_rivers_room_b
D:4:      layout_cave_pools, mainiacjoe_overflow_boulevard, bloody_makhleb,
          fiery_altar_vehumet, gup_sewer_entry_glass, uniq_blork_the_orc,
          uniq_eustachio
D:5:      layout_basic, uniq_duvessa, uniq_sigmund
D:6:      layout_basic, marbit_many_paths, pdpol_wu_jian_five_deadly_venoms,
          lemuel_doored_altar, minmay_temple_entry_glassed_door, uniq_menkaure,
          uniq_pikel

Skill      XL: |  1  2  3  4  5  6  7  8 |
---------------+-------------------------+-----
Stealth        | 2 3 4 |  4.0
Conjurations   | 5 6 8 |  8.9
Spellcasting   | 3 4 5 |  5.5
Dodging        | 2 |  2.0
Fighting       | |  0.9
Hexes          | |  0.6

Action                   |  1- 3 |  4- 6 |  7- 9 || total
-------------------------+-------+-------+-------++-------
Melee: Unarmed           |    31 |    25 |       ||    56
       Tailslap          |     5 |     6 |     1 ||    12
       Dagger            |    19 |    47 |       ||    66
       Rapier            |       |       |    12 ||    12
 Cast: Magic Dart        |    12 |       |       ||    12
       Searing Ray       |    24 |    41 |    32 ||    97
  Use: Potion            |       |     1 |       ||     1
 Stab: Sleeping          |       |     1 |       ||     1
Armor: Skin              |    24 |    53 |     7 ||    84
Dodge: Dodged            |    48 |    79 |    32 ||   159

Table legend: (Time is in decaauts)
 A = Elapsed time spent in this place.
 B = Non-inter-level travel time spent in this place.
 C = Inter-level travel time spent in this place.
 D = Time resting spent in this place.
 E = Time spent auto-exploring this place.
 F = Levels seen in this place.
 G = Mean time per level.
                   A        B        C        D        E       F      G
               +--------+--------+--------+--------+--------+-----+--------+
         Total |   6941 |   6730 |    211 |    682 |   4937 |   7 |  991.6 |
       Dungeon |   6048 |   5837 |    211 |    365 |   4507 |   6 | 1008.0 |
         Sewer |    893 |    893 |      0 |    317 |    429 |   1 |  893.0 |
               +--------+--------+--------+--------+--------+-----+--------+

Top non-repeatable levels by time:
     D:3: 1558 daAuts
     D:1: 1334 daAuts
     D:2: 1054 daAuts
     D:4: 902 daAuts
   Sewer: 893 daAuts
     D:5: 764 daAuts
     D:6: 433 daAuts
